 Dungeon Crawl Stone Soup version 0.30-a0-949-g53dc5368d7 (webtiles) character file.

Game seed: 6795951026032511415

974 mopl the Magician (level 7, -1/46 HPs)
             Began as a Mummy Fire Elementalist on Mar 27, 2023.
             Slain by a yak (15 damage)
             ... on level 3 of the Dungeon.
             The game lasted 00:06:50 (3610 turns).

mopl the Magician (Mummy Fire Elementalist)         Turns: 3610, Time: 00:06:51

Health: -1/46      AC:  5    Str: 11    XL:     7   Next: 95%
Magic:  7/14       EV: 12    Int: 17    God:
Gold:   239        SH:  0    Dex: 18    Spells: 7/16 levels left

rFire   x . .      SeeInvis .    i - +0 dagger (venom)
rCold   + . .      Faith    +    (no shield)
rNeg    + + +      Spirit   .    a - +0 robe
rPois   ∞          Reflect  .    g - +0 helmet
rElec   .          Rampage  .    v - +0 cloak
rCorr   .                        (no gloves)
Will    .....                    m - +0 pair of boots
Stlth   ++                       (no amulet)
HPRegen 0.27/turn                f - +6 ring of dexterity
MPRegen 0.14/turn                j - ring of flight

@: flying
A: cold resistance 1, negative energy resistance 3, torment resistance 2, heat
vulnerability 1, in touch with death 1, no potions, faith
a: no special abilities


You were on level 3 of the Dungeon.
You visited 1 branch of the dungeon, and saw 4 of its levels.
You also visited: Sewer.

You collected 239 gold pieces.

Inventory:

Hand Weapons
 e - a +0 short sword
 i - a +0 dagger of venom (weapon)
 n - a +0 whip of electrocution
 u - the +4 mace "Goblin's Demise" {freeze, Str+2 Int+2}
   (You found it on level 4 of the Dungeon)

   Str:       It affects your strength (+2).
   Int:       It affects your intelligence (+2).
Missiles
 q - 5 boomerangs
 s - 2 curare-tipped darts
Armour
 a - a +0 robe (worn)
 g - a +0 helmet (worn)
 m - a +0 pair of boots (worn)
 o - a scarf of invisibility
 v - a +0 cloak (worn)
Jewellery
 f - a +6 ring of dexterity (left hand)
 j - a ring of flight (right hand)
Scrolls
 b - a scroll of vulnerability {unknown}
 c - 3 scrolls of teleportation {unknown}
 d - 3 scrolls of identify {unknown}
 h - 2 scrolls of magic mapping {unknown}
 k - 3 scrolls of fear {unknown}
 l - 2 scrolls of fog {unknown}
 p - 2 scrolls of enchant weapon {unknown}
 r - a scroll of noise {unknown}
 t - a scroll of blinking {unknown}


   Skills:
 - Level 1.5 Dodging
 - Level 1.5 Stealth
 + Level 5.1 Spellcasting
 * Level 4.3 Conjurations
 + Level 2.3 Necromancy
 + Level 1.9 Translocations
 * Level 5.0 Fire Magic


You had 7 spell levels left.
You knew the following spells:

 Your Spells              Type           Power      Damage    Failure   Level
a - Foxfire               Conj/Fire      80%        2x1d8     1%          1
b - Vampiric Draining     Necr           18%        2d7       16%         3
c - Kindle Blastsparks    Fire/Tloc/Air  24%        2d12      16%         3
d - Scorch                Fire           42%        2d7       2%          2

Your spell library contained the following spells:

 Spells                   Type           Power      Damage    Failure   Level
 Slow                     Hex            16%        N/A       14%         1
 Inner Flame              Hex/Fire       12%        N/A       16%         3
 Flame Wave               Conj/Fire      20%        2d7       21%         4
 Confusing Touch          Hex            4%         N/A       38%         3


Dungeon Overview and Level Annotations

Branches:
Dungeon (4/15)              Sewer (visited)
 Temple: D:4-7

Altars:
Makhleb
Ru

Shops:
D:4 *

Annotations:
D:4 Natasha


Innate Abilities, Weirdness & Mutations

You are immune to poison.
Your flesh is cold resistant. (rC+)
You are immune to negative energy. (rN+++)
You are immune to unholy pain and torment.
You are vulnerable to heat. (rF-)
You are in touch with the powers of death.
You do not drink.
You have a special connection with the divine. (Faith)


Message History

There is an open door here.
There is an open door here.
There is a stone staircase leading up here.
You miscast Scorch.
You are very lightly contaminated with residual magic.
Nothing appears to happen.
The yak gores you!
You fly upwards.
There is a stone staircase leading down here.
Flames lash the yak.
The yak is lightly wounded.
The yak's fire resistance burns away.
The yak gores you!
Casting: Scorch (safe; 2% risk of failure)
Confirm with . or Enter, or press ? or * to list all spells.
You conjure some foxfire!
The yak gores you!
* * * LOW HITPOINT WARNING * * *
Casting: Foxfire (safe; 1% risk of failure)
Confirm with . or Enter, or press ? or * to list all spells.
You conjure some foxfire!
The foxfire hits the yak.
The yak is burned terribly!
The yak is moderately wounded.
The foxfire hits the yak!
The yak is burned terribly!
The yak is heavily wounded.
The yak gores you but does no damage.
Casting: Foxfire (safe; 1% risk of failure)
Confirm with . or Enter, or press ? or * to list all spells.
You conjure some foxfire!
The foxfire hits the yak but does no damage.
The yak is heavily wounded.
The foxfire hits the yak but does no damage.
The yak is heavily wounded.
The yak barely misses you.
Your magical contamination has completely faded away.
Your foxfire dissipates!
The yak is no longer more vulnerable to fire.
The foxfire hits the yak but does no damage.
The yak is heavily wounded.
Casting: Foxfire (safe; 1% risk of failure)
Confirm with . or Enter, or press ? or * to list all spells.
You conjure some foxfire!
The yak gores you!
You die...

.#
#..###.##.#..................
.####.##
#..#...........#........
##....#
##.............##.......
#.####
#.............##....... #.#
#..#.#.......#......... ##.#
#.##.##.....##.......). #..#
####....####...........
#.#### #...v####.#.#.......
.....## #..@v.....#.........
......## #..Y........###.....
.......# #.....#####.# ######
.......# #....## ##..#
.......# ##....# #..##
.......# #.....# #.##
.......# #.....# ##<#
......[######.....###..###
..............##.........#


You could see a yak (ally target).

Vanquished Creatures
  Sigmund (D:2)
  A yak (D:4)
  Pargi (D:3)
  A centaur (D:4)
  A phantom (D:4)
  2 kobold brigands (Sewer)
  Natasha (D:4)
  An iguana (D:4)
  An orc wizard (D:4)
  6 adders
  5 river rats (Sewer)
  A white imp (D:4)
  An ufetubus (D:4)
  2 worms
  A dart slug (D:4)
  10 orcs
  9 ball pythons
  8 endoplasms
  3 giant cockroaches
  7 goblins
  10 hobgoblins
  3 jackals (Sewer)
  A quokka (D:3)
  8 bats
  4 frilled lizards
  9 kobolds
  6 rats
104 creatures vanquished.

Vanquished Creatures (others)
  36 foxfires
  7 plants (Sewer)
43 creatures vanquished.

Grand Total: 147 creatures vanquished

Notes
Turn   | Place    | Note
-------+----------+-------------------------------------------
     0 | D:1      | mopl the Mummy Fire Elementalist began the quest for the
                  | Orb.
     0 | D:1      | Reached XP level 1. HP: 13/13 MP: 4/4
    77 | D:1      | Reached skill level 1 in Conjurations
   158 | D:1      | Reached XP level 2. HP: 19/19 MP: 0/5
   163 | D:1      | Learned a level 2 spell: Scorch
   236 | D:1      | Reached skill level 3 in Spellcasting
   374 | D:1      | You are sucked into a shaft and drop 1 floor!
   633 | D:1      | Gained mutation: You are in touch with the powers of death.
                  | [Mummy growth]
   633 | D:1      | Reached XP level 3. HP: 24/24 MP: 2/7
   982 | D:2      | Noticed Sigmund
   993 | D:2      | Killed Sigmund
   994 | D:2      | Reached skill level 2 in Conjurations
   994 | D:2      | Reached skill level 3 in Fire Magic
   994 | D:2      | Reached XP level 4. HP: 16/30 MP: 5/9
   994 | D:2      | Reached XP level 5. HP: 18/35 MP: 5/10
  1075 | D:2      | Found a burning altar of Makhleb.
  1600 | D:3      | Reached skill level 4 in Spellcasting
  1740 | D:3      | Found a glowing drain.
  1744 | Sewer    | Entered a sewer
  1749 | Sewer    | Learned a level 3 spell: Vampiric Draining
  1753 | Sewer    | Learned a level 3 spell: Kindle Blastsparks
  1774 | Sewer    | Reached skill level 3 in Conjurations
  1871 | Sewer    | Reached skill level 4 in Fire Magic
  1871 | Sewer    | Reached XP level 6. HP: 28/41 MP: 2/12
  2104 | Sewer    | Reached skill level 1 in Necromancy
  2468 | D:3      | Noticed Pargi
  2515 | D:3      | Reached skill level 1 in Translocations
  2516 | D:3      | Killed Pargi
  2517 | D:3      | Reached XP level 7. HP: 38/46 MP: 6/13
  2674 | D:3      | Found a sacrificial altar of Ru.
  2988 | D:4      | Identified the +4 mace "Goblin's Demise" {freeze, Str+2
                  | Int+2}
  3116 | D:4      | Noticed a yak
  3116 | D:4      | Noticed a yak
  3118 | D:4      | Noticed a yak
  3118 | D:4      | Noticed a yak
  3194 | D:4      | Killed a yak
  3195 | D:4      | Reached skill level 4 in Conjurations
  3195 | D:4      | Reached skill level 2 in Necromancy
  3215 | D:4      | Found Yhozxuudd's Neck Hole.
  3227 | D:4      | Reached skill level 5 in Spellcasting
  3459 | D:4      | Noticed Natasha
  3462 | D:4      | Killed Natasha
  3463 | D:4      | Reached skill level 5 in Fire Magic
  3515 | D:4      | Noticed Natasha
  3610 | D:3      | Slain by a yak

Illustrated notes

Levels and vault maps discovered:
D:1:      amcnicky_arrival_gap_in_the_tavern_cellar, layout_loops_cross,
          minmay_box_of_dots
D:2:      layout_basic, serial_curves, eino_curves_04, eino_curves_02,
          basic_altar, minmay_close_crescents, uniq_sigmund
D:3:      layout_rooms, nicolae_overflow_hidden_temple, gup_sewer_entry_bowl,
          uniq_pargi
D:4:      layout_gridville, mainiacjoe_overflow_catwalk_spiral,
          dreamdust_princess_corridor, nicolae_shop_sticking_my_neck_out,
          uniq_natasha, uniq_edmund

Skill      XL: |  1  2  3  4  5  6  7 |
---------------+----------------------+-----
Conjurations   | 1 2 3 4 |  4.3
Spellcasting   | 3 4 5 |  5.1
Fire Magic     | 3 4 5 |  5.0
Necromancy     | 1 2 |  2.3
Translocations | 1 |  1.9
Dodging        | |  1.5
Stealth        | |  1.5

Action                     |  1- 3 |  4- 6 |  7- 9 || total
---------------------------+-------+-------+-------++-------
  Melee: Short sword       |    13 |       |       ||    13
         Unarmed           |     1 |       |       ||     1
         Dagger            |    27 |    83 |    22 ||   132
         Punch             |     1 |     1 |       ||     2
  Throw: Dart              |       |     1 |       ||     1
   Cast: Foxfire           |    20 |       |     7 ||    27
         Scorch            |     8 |    45 |    38 ||    91
   Stab: Sleeping          |     4 |       |     1 ||     5
 Armour: Robe              |     7 |    22 |    18 ||    47
  Dodge: Dodged            |    25 |    50 |    41 ||   116

Table legend: (Time is in decaauts)
 A = Elapsed time spent in this place.
 B = Non-inter-level travel time spent in this place.
 C = Inter-level travel time spent in this place.
 D = Time resting spent in this place.
 E = Time spent auto-exploring this place.
 F = Levels seen in this place.
 G = Mean time per level.
                   A        B        C        D        E       F      G
               +--------+--------+--------+--------+--------+-----+--------+
         Total |   3608 |   3479 |    129 |    413 |   1982 |   5 |  721.6 |
       Dungeon |   2990 |   2861 |    129 |    237 |   1794 |   4 |  747.5 |
         Sewer |    617 |    617 |      0 |    176 |    188 |   1 |  617.0 |
               +--------+--------+--------+--------+--------+-----+--------+

Top non-repeatable levels by time:
     D:2: 856 daAuts
     D:4: 802 daAuts
     D:1: 730 daAuts
   Sewer: 617 daAuts
     D:3: 601 daAuts
